 Dungeon Crawl Stone Soup version 0.17-a0-1691-g18a3847 (webtiles) character file.

102 urechis the Chiller (level 4, -2/30 HPs)
             Began as a Merfolk Ice Elementalist on Aug 20, 2015.
             Killed by nerve-wracking pain
             ... invoked by a shadow imp
              (6 damage)
             ... on level 3 of the Dungeon.
             The game lasted 00:05:38 (1782 turns).

urechis the Chiller (Merfolk Ice Elementalist)      Turns: 1782, Time: 00:05:39

Health: -2/30      AC:  3    Str:  9    XL:     4   Next: 77%
Magic:  1/9        EV: 13    Int: 14    God:
Gold:   114        SH:  0    Dex: 14    Spells: 3 memorised, 1 level left

rFire  x . .     SeeInvis .     a - +0 trident
rCold  + . .     Clarity  .     i - +1 robe
rNeg   . . .     SustAt   .     (no shield)
rPois  .         Gourm    .     (no helmet)
rElec  .         Spirit   .     (no cloak)
rCorr  .         Warding  .     (no gloves)
rMut   .         Stasis   .     (no boots)
MR     .....                    (no amulet)
Stlth  +++.......               l - ring of stealth
                                d - ring of ice

@: not resistant to hostile enchantments, fairly stealthy
A: change form in water, swift swim
a: no special abilities


You were on level 3 of the Dungeon.
You were not hungry.

You visited 1 branch of the dungeon, and saw 3 of its levels.

You collected 114 gold pieces.

Inventory:

Hand weapons
 a - a +0 trident (weapon)
 b - a +0 blowgun
Missiles
 k - 9 poisoned needles
Armour
 i - a +1 robe (worn)
Jewellery
 d - a ring of ice (left hand)
 l - a ring of stealth (right hand)
Magical devices
 f - a wand of polymorph (14)
Scrolls
 e - a scroll of teleportation
 h - a scroll of blinking {unknown}
 n - a scroll of remove curse {unknown}
Potions
 g - 4 potions of curing
 o - a potion of haste {unknown}
 p - a potion of ambrosia {unknown}
 q - a potion of might {unknown}
Books
 j - a book of Frost

   Spells                             Type                      Level
   a - Freeze                         Ice                          1
   b - Throw Frost                    Conjuration/Ice              2
   c - Ozocubu's Armour               Charms/Ice                   3
   d - Throw Icicle                   Conjuration/Ice              4
   e - Summon Ice Beast               Ice/Summoning                4
   f - Condensation Shield            Ice                          4
Comestibles
 c - a bread ration


   Skills:
 + Level 0.0 Polearms
 - Level 2.6 Dodging
 - Level 2.1 Stealth
 * Level 3.4 Spellcasting
   Level 0.7 Conjurations
 * Level 4.7 Ice Magic


You had one spell level left.
You knew the following spells:

 Your Spells              Type           Power        Failure   Level  Hunger
a - Freeze                Ice            ###.         2%          1    #......
b - Ozocubu's Armour      Chrm/Ice       ##......     24%         3    ###....
c - Condensation Shield   Ice            ###.......   30%         4    #####..


Dungeon Overview and Level Annotations

Branches:
Dungeon (3/15)

Altars:
Fedhas
Ru

Annotations:
D:2 Sigmund


Message History

Casting: Freeze
Confirm with . or Enter, or press ? or * to list all spells.
Aiming: Freeze
Press: ? - help, Shift-Dir - straight line, f/p - worm
Aim: a worm (severely wounded)
You feel a surge of power!
You freeze the worm.
The worm is almost dead.
The shadow imp hits you.
* * * LOW HITPOINT WARNING * * *
Casting: Freeze
Confirm with . or Enter, or press ? or * to list all spells.
Aiming: Freeze
Press: ? - help, Shift-Dir - straight line, f - shadow imp, p - worm
Aim: a shadow imp You feel a surge of power!
You freeze the shadow imp.
The shadow imp resists.
The shadow imp is lightly wounded.
The shadow imp hits you but does no damage.
The shadow imp gestures at you. Pain shoots through your body!
You die...

....... .... #. #
....... #...).... #.
# .......
###........ ###.##
....... ...........
##..... .......
#........... .......
.......##.#.........
.......
......†...#.........
.<.....
##.##....w#.........
#..#.##
#..).###5.@........
.. #.#<
...######......$....
# #.#. ##
#!...........# #.#.
##......####.# #...
.......#......# #..#
..##....#..#####
#..# . ........###
#.## .....(....)##
#)# .##....###..###
##.##


You could see a worm and a shadow imp.

Vanquished Creatures
  An orc wizard (D:2)
  2 adders (D:2)
  A worm (D:2)
  5 giant geckos
  An orc (D:3)
  4 bats
  A giant cockroach (D:2)
  3 goblins
  3 hobgoblins
  7 jackals (D:2)
  4 giant newts
  9 kobolds
  5 rats
46 creatures vanquished.

Notes
Turn   | Place    | Note
--------------------------------------------------------------
     0 | D:1      | urechis the Merfolk Ice Elementalist began the quest for the Orb.
     0 | D:1      | Reached XP level 1. HP: 13/13 MP: 3/3
   297 | D:1      | Reached XP level 2. HP: 10/19 MP: 0/5
   715 | D:2      | Noticed Sigmund
   874 | D:2      | Reached skill level 4 in Ice Magic
   874 | D:2      | Reached XP level 3. HP: 24/24 MP: 0/7
  1295 | D:2      | Found a sacrificial altar of Ru.
  1301 | D:2      | Reached XP level 4. HP: 23/30 MP: 3/8
  1466 | D:2      | Found a blossoming altar of Fedhas.
  1603 | D:2      | Learned a level 3 spell: Ozocubu's Armour
  1608 | D:2      | Learned a level 4 spell: Condensation Shield
  1782 | D:3      | Killed from afar by a shadow imp

Vault maps used:
D:1:      mrwooster_arrival_statue_2
D:2:      nicolae_overflow_hidden_temple, nicolae_ru_great_annihilating_truth,
          uniq_sigmund
D:3:      grunt_qazlal_sundering, elyvilon_altar_5

Action                   |  1- 3 |  4- 6 || total
-------------------------+-------+-------++-------
Melee: Club              |    31 |     6 ||    37
       Trident           |       |    11 ||    11
       Short sword       |       |     5 ||     5
 Cast: Freeze            |    52 |    16 ||    68
  Use: Scroll            |       |     5 ||     5
 Stab: Sleeping          |     1 |     4 ||     5
  Eat: Chunk             |     2 |     1 ||     3
